 Dungeon Crawl Stone Soup version 0.30-a0-630-g881e3bac89 (webtiles) character file.

Game seed: 3498247114907818876

10442 Bnni the Covert (level 11, -10/60 HPs)
             Began as a Vine Stalker Brigand on Jan 13, 2023.
             Was a Believer of Uskayaw.
             Mangled by a freezing wraith (13 damage)
             ... on level 11 of the Dungeon.
             The game lasted 00:18:09 (7806 turns).

Bnni the Covert (Vine Stalker Brigand)              Turns: 7806, Time: 00:18:10

Health: -10/60     AC:  1    Str: 14    XL:     11   Next: 62%
Magic:  0/25       EV: 17    Int: 11    God:    Uskayaw [**....]
Gold:   394        SH:  5    Dex: 27    Spells: 10/10 levels left

rFire   + . .      SeeInvis .    N - +2 dagger (speed)
rCold   . . .      Faith    .    (no shield)
rNeg    + + .      Spirit   +    w - +0 robe of the Toothy God {*Corrode Dex+5 Slay+5}
rPois   .          Reflect  +    P - -2 hat "Gietauk" {Rampage Fly rF+}
rElec   .          Harm     +    o - +1 cloak
rCorr   .          Rampage  +    (no gloves)
Will    +....                    s - +2 pair of boots
Stlth   ++++++                   M - amulet of Ytiepy {Reflect Harm rN++ Regen+ Dex+2 SH+5}
HPRegen 1.90/turn                l - ring of magical power
MPRegen 0.19/turn                O - +5 ring of evasion

@: corroded, flying
A: fangs 3, regeneration 1, magic shield, antimagic bite, no potion heal 2
a: Renounce Religion, Stomp, Line Pass


You were on level 11 of the Dungeon.
You worshipped Uskayaw.
Uskayaw was noncommittal.
You visited 2 branches of the dungeon, and saw 12 of its levels.

You collected 597 gold pieces.
You spent 203 gold pieces at shops.

Inventory:

Hand Weapons
 f - a +0 dagger of venom
 g - a +0 dagger of electrocution
 E - a +0 rapier of holy wrath
 I - a +0 dagger of protection
 N - a +2 dagger of speed (weapon)
Missiles
 c - 14 silver boomerangs
 d - 44 poisoned darts (quivered)
 e - 8 curare-tipped darts
 Q - 2 atropa-tipped darts
Armour
 o - a +1 cloak (worn)
 s - a +2 pair of boots (worn)
 w - the +0 robe of the Toothy God (worn) {*Corrode Dex+5 Slay+5}
   (You found it on level 4 of the Dungeon)

   Dex:       It affects your dexterity (+5).
   Slay:      It affects your accuracy & damage with ranged weapons and melee
   (+5).
   *Corrode:  It may corrode you when you take damage.
 L - a +3 leather armour of poison resistance
 P - the -2 hat "Gietauk" (worn) {Rampage Fly rF+}
   (You found it on level 9 of the Dungeon)

   rF:        It protects you from fire.
   Fly:       It grants you flight.
   Rampage:   It bestows one free step when moving towards enemies.
Jewellery
 l - a ring of magical power (left hand)
 q - a ring of poison resistance
 M - the amulet of Ytiepy (around neck) {Reflect Harm rN++ Regen+ Dex+2 SH+5}
   (You found it on level 8 of the Dungeon)

   [amulet of reflection]

   It reflects blocked missile attacks.
   Dex:       It affects your dexterity (+2).
   rN:        It greatly protects you from negative energy.
   Regen:     It increases your rate of health regeneration.
   SH:        It affects your SH (+5).
   Harm:      It increases damage dealt and taken.
 O - a +5 ring of evasion (right hand)
Wands
 G - a wand of mindburst (10)
 J - a wand of roots (4)
 R - a wand of polymorph (3)
Scrolls
 a - a scroll of fear {unknown}
 j - 6 scrolls of teleportation {unknown}
 m - 2 scrolls of brand weapon {unknown}
 p - 3 scrolls of amnesia {unknown}
 r - a scroll of torment
 t - 2 scrolls of blinking {unknown}
 u - 2 scrolls of fog {unknown}
 v - 3 scrolls of vulnerability
 y - 3 scrolls of enchant weapon {unknown}
 D - 2 scrolls of poison {unknown}
 F - a scroll of enchant armour
 S - a scroll of immolation {unknown}
Potions
 b - 7 potions of curing {unknown}
 h - 2 potions of might
 i - 4 potions of haste {unknown}
 k - 5 potions of flight {unknown}
 n - 3 potions of brilliance
 x - 2 potions of heal wounds {unknown}
 z - 4 potions of degeneration {unknown}
 A - 3 potions of cancellation {unknown}
 B - 2 potions of mutation {unknown}
 C - a potion of lignification {unknown}
 H - 3 potions of attraction {unknown}
 K - 2 potions of berserk rage {unknown}


   Skills:
 + Level 8.8 Fighting
 - Level 10.0 Short Blades
 - Level 1.7 Throwing
 - Level 0.7 Dodging
 * Level 13.3 Stealth
 * Level 5.7 Invocations


You had 10 spell levels left.
You didn't know any spells.
Your spell library contained the following spells:

 Spells                   Type           Power      Damage    Failure   Level
 Hailstorm                Conj/Ice       0%         3d3       71%         3
 Portal Projectile        Hex/Tloc       0%         N/A       71%         3
 Tukima's Dance           Hex            0%         N/A       71%         3
 Ice Form                 Ice/Tmut       0%         N/A       98%         4
 Blade Hands              Tmut           0%         N/A       100%        5
 Simulacrum               Ice/Necr       0%         N/A       100%        6


Dungeon Overview and Level Annotations

Branches:
Dungeon (11/15)            Temple (1/1) D:6            Lair (0/5) D:8
    Orc: D:9-12

Altars:
Ashenzari
Cheibriados
Dithmenos
Elyvilon
Fedhas
Gozag
Hepliaklqana
Kikubaaqudgha
Makhleb
Nemelex Xobeh
Okawaru
Qazlal
Ru
Sif Muna
Trog
Uskayaw
Vehumet
Wu Jian
Xom
Yredelemnul
Zin
The Shining One

Shops:
D:3 ([(   D:9 !?


Innate Abilities, Weirdness & Mutations

You have razor-sharp teeth.
Your natural rate of healing is unusually fast.
When hurt, damage is shared between your health and your magic reserves.
Your bite disrupts and absorbs the magic of your enemies.
Potions cannot restore your health.


Message History

You completely miss the freezing wraith.
You bite the freezing wraith! You drain its power.
You feel invigorated.
The freezing wraith is almost destroyed.
You hit the freezing wraith but do no damage.
Your bite misses the freezing wraith.
The freezing wraith is almost destroyed.
You hit the freezing wraith.
The freezing wraith is almost destroyed.
The freezing wraith hits you! The freezing wraith freezes you!
The freezing wraith barely misses you.
You hit the freezing wraith but do no damage.
You bite the freezing wraith, but do no damage.
The freezing wraith is almost destroyed.
You hit the freezing wraith but do no damage.
The freezing wraith is almost destroyed.
The freezing wraith closely misses you. x2
You hit the freezing wraith but do no damage.
The freezing wraith is almost destroyed.
You closely miss the freezing wraith.
The freezing wraith is almost destroyed.
The freezing wraith misses you. The freezing wraith hits you!
You are too injured to fight recklessly!
You are too injured to fight recklessly!
You are too injured to fight recklessly!
You are too injured to fight recklessly!
You are too injured to fight recklessly!
You are too injured to fight recklessly!
You are too injured to fight recklessly!
You hit the freezing wraith but do no damage.
The freezing wraith is almost destroyed.
You hit the freezing wraith but do no damage.
Your bite misses the freezing wraith.
The freezing wraith is almost destroyed.
You feel yourself speed up. The freezing wraith hits you!
* * * LOW HITPOINT WARNING * * *
The freezing wraith freezes you!
* * * LOW HITPOINT WARNING * * *
The freezing wraith hits you!
You die...

# ### .#
######<##+#.#
#.........!.#
#...........#
#...........#
#...........#
##+##..@#...#
#...##W#.###
..... .)...
####.#..####
#.#.## .. #.
##


You could see a freezing wraith.

Vanquished Creatures
  3 death yaks
  Sonja (D:10)
  A gargoyle (D:10)
  Maggie (D:10)
  2 trolls
  2 wraiths
  A wyvern (D:10)
  4 fire bats (D:9)
  14 yaks
  2 steam dragons (D:8)
  4 acid dragons
  A hell hound (D:9)
  4 water moccasins
  2 ice beasts (D:6)
  An orc warrior (D:9)
  A sky beast (D:6)
  2 ogres (D:6)
  3 phantoms
  A centaur (D:5)
  4 kobold brigands
  2 gnoll sergeants
  A bullfrog (D:6)
  4 scorpions
  A wight (D:6)
  The ghost of bosakos the Cudgeller, a weakling MiFi (D:3)
  4 howler monkeys
  2 lava snakes (D:9)
  6 orc priests
  2 hounds
  6 jellies
  A gnoll bouda (D:6)
  7 iguanas
  6 orc wizards
  2 hell rats (D:8)
  14 gnolls
  9 adders
  A river rat (D:8)
  2 shadow imps
  3 white imps
  2 ufetubi (D:6)
  2 worms (D:1)
  28 orcs
  4 ball pythons
  5 bats
  7 endoplasms
  10 giant cockroaches
  5 goblins
  3 hobgoblins
  5 jackals
  29 kobolds
  10 quokkas
  2 frilled lizards
  9 rats
  3 fire vortices (D:9)
252 creatures vanquished.

Vanquished Creatures (others)
  4 fungi (D:5)
4 creatures vanquished.

Grand Total: 256 creatures vanquished

Notes
Turn   | Place    | Note
-------+----------+-------------------------------------------
     0 | D:1      | Bnni the Vine Stalker Brigand began the quest for the Orb.
     0 | D:1      | Reached XP level 1. HP: 11/11 MP: 2/2
     1 | D:1      | Found a runed translucent door.
   174 | D:1      | Reached XP level 2. HP: 15/15 MP: 3/3
   345 | D:1      | Reached XP level 3. HP: 14/18 MP: 4/4
   755 | D:2      | Found a faded altar of an unknown god.
   945 | D:2      | Gained mutation: Your natural rate of healing is unusually
                  | fast. [Vine Stalker growth]
   945 | D:2      | Reached XP level 4. HP: 23/23 MP: 5/5
  1685 | D:3      | Noticed bosakos's ghost (weakling MiFi)
  1685 | D:3      | Found a transporter.
  1696 | D:3      | Identified the +10 quarterstaff of the World {elec, Int+2}
  1703 | D:3      | Found Birayk's Antique Weapon Boutique.
  1722 | D:3      | Found Lagin's Antique Armour Boutique.
  1888 | D:3      | Found a transporter.
  2028 | D:3      | Reached XP level 5. HP: 28/28 MP: 6/6
  2036 | D:3      | Found Yplazo's Antique Weapon Emporium.
  2142 | D:3      | Killed bosakos's ghost
  2224 | D:4      | Found a broken altar of Ashenzari.
  2365 | D:4      | Reached XP level 6. HP: 31/32 MP: 7/7
  2400 | D:4      | Found an ornate altar of the Wu Jian Council.
  2400 | D:4      | Found a blossoming altar of Fedhas.
  2400 | D:4      | Found a snail-covered altar of Cheibriados.
  2462 | D:4      | Identified the +0 robe of the Toothy God {*Corrode Dex+5
                  | Slay+5}
  2503 | D:4      | Found a radiant altar of Vehumet.
  2533 | D:4      | Noticed a water moccasin
  2540 | D:4      | Killed a water moccasin
  2541 | D:4      | Reached skill level 5 in Short Blades
  2626 | D:5      | Entered Level 5 of the Dungeon
  2720 | D:5      | Found a burning altar of Makhleb.
  2750 | D:5      | Reached skill level 5 in Stealth
  2750 | D:5      | Reached XP level 7. HP: 32/37 MP: 8/8
  2843 | D:5      | Found a sacrificial altar of Ru.
  3169 | D:5      | Found a glowing golden altar of the Shining One.
  3412 | D:5      | Reached skill level 6 in Stealth
  3412 | D:5      | Gained mutation: You have razor-sharp teeth. [Vine Stalker
                  | growth]
  3412 | D:5      | Reached XP level 8. HP: 42/42 MP: 9/9
  3412 | D:5      | Found a shimmering altar of Xom.
  3502 | D:3      | Bought a glowing rapier for 203 gold pieces
  3564 | D:6      | Found a glowing silver altar of Zin.
  3638 | D:6      | Reached skill level 5 in Fighting
  3759 | D:6      | Reached skill level 7 in Stealth
  3889 | D:6      | Noticed a wraith
  3913 | D:6      | HP: 1/44 [wraith (5)]
  3920 | D:6      | Killed a wraith
  3921 | D:6      | Reached XP level 9. HP: 10/48 MP: 10/10
  4096 | D:6      | Reached skill level 8 in Stealth
  4412 | D:6      | Found a staircase to the Ecumenical Temple.
  4421 | Temple   | Entered the Ecumenical Temple
  5227 | D:8      | Found a staircase to the Lair.
  5227 | D:8      | Noticed a death yak
  5227 | D:8      | Noticed a death yak
  5256 | D:8      | Noticed a death yak
  5257 | D:8      | Killed a death yak
  5258 | D:8      | Reached skill level 9 in Stealth
  5258 | D:8      | Reached XP level 10. HP: 16/53 MP: 3/11
  5350 | D:7      | Killed a death yak
  5351 | D:7      | Reached skill level 10 in Short Blades
  5389 | D:8      | Killed a death yak
  5390 | D:8      | Reached skill level 10 in Stealth
  5547 | D:8      | Identified the +4 sling of Qajas {antimagic, Contam rElec
                  | rF+ Int+3}
  5844 | D:8      | Identified the amulet of Ytiepy {Reflect Harm rN++ Regen+
                  | Dex+2 SH+5}
  5914 | D:8      | HP: 2/56 [steam dragon/ball of steam (23)]
  6140 | D:9      | Reached skill level 11 in Stealth
  6278 | D:9      | Found Ojieq's Distillery.
  6316 | D:9      | Reached skill level 1 in Invocations
  6410 | D:9      | Reached XP level 11. HP: 49/60 MP: 14/14
  6429 | D:9      | Found Unoxol's Magic Scroll Shoppe.
  6484 | D:9      | Reached skill level 12 in Stealth
  6585 | D:9      | Identified the -2 hat "Gietauk" {Rampage Fly rF+}
  6756 | D:10     | Entered Level 10 of the Dungeon
  6756 | D:10     | Noticed Sonja
  6757 | D:10     | Killed Sonja
  6768 | D:10     | Identified the +9 war axe "Undertaker" {venom, MP+9 Str+4}
  6794 | D:10     | Found a hide-covered altar of Uskayaw.
  6794 | D:10     | Noticed Maggie
  6807 | D:10     | Killed Maggie
  6815 | D:10     | Became a worshipper of Uskayaw the Reveller
  6979 | D:10     | Found a hazy altar of Hepliaklqana.
  7034 | D:10     | Reached * piety under Uskayaw
  7041 | D:10     | Reached ** piety under Uskayaw
  7082 | D:10     | Reached skill level 5 in Invocations
  7085 | D:10     | Reached *** piety under Uskayaw
  7090 | D:10     | Reached **** piety under Uskayaw
  7092 | D:10     | Reached skill level 13 in Stealth
  7093 | D:10     | Reached ***** piety under Uskayaw
  7806 | D:11     | HP: 3/60 [freezing wraith (13)]
  7806 | D:11     | Mangled by a freezing wraith

Illustrated notes

Levels and vault maps discovered:
D:1:      dpeg_arrival_caged_fury, layout_rooms, nicolae_wormholes
D:2:      layout_basic, chequers_ecumenical_altar_island, hex_intersection
D:3:      layout_rooms, gammafunk_ghost_arena, serial_shops, shop, shop,
          nicolae_shop_trees, chequers_jeans, kennysheep_minor_cross
D:4:      layout_rooms, mainiacjoe_overflow_cross_hatched,
          nicolae_ashenzari_panopticon, gammafunk_temple_overflow_claw,
          nrook_mini_backslash
D:5:      layout_loops_ring, mainiacjoe_overflow_six_doors_small,
          mainiacjoe_overflow_boulevard, lemuel_coloured_pillars_altar,
          nicolae_overflow_hidden_temple, serial_aquarium,
          aquarium_bridge_island_small [aquarium_subvault_small_water,
          aquarium_subvault_bridge, aquarium_subvault_wall,
          aquarium_subvault_wall, aquarium_subvault_wall],
          aquarium_window_corner, aquarium_window_fake, aquarium_view_2f,
          aquarium_pool_side, minmay_misc_feat_room
D:6:      layout_loops_cross, mainiacjoe_overflow_paths,
          minmay_temple_entry_proselytizer, grunt_ministairs_1,
          minmay_joined_circles
D:7:      layout_loops_ring
D:8:      layout_basic, dpeg_lair_monsters
D:9:      layout_rooms, serial_shops, nicolae_shop_hallway_plus, shop,
          hangedman_incinerator
D:10:     layout_stronghold, mainiacjoe_overflow_chevrons,
          nicolae_hepliaklqana_hippocampus, minmay_unpleasant_kobolds,
          uniq_sonja, uniq_maggie
D:11:     layout_basic, orc_0_dummy, uniq_fannar
Temple:   zaba_magenta_temple

Skill      XL: |  1  2  3  4  5  6  7  8  9 10 11 |
---------------+----------------------------------+-----
Short Blades   | 2 3 4 5 6 7 9 10 | 10.0
Fighting       | 2 3 4 5 6 8 |  8.8
Stealth        | 5 6 7 9 11 13 | 13.3
Invocations    | 3 5 |  5.7
Throwing       | |  1.7
Dodging        | |  0.7

Action                   |  1- 3 |  4- 6 |  7- 9 | 10-12 || total
-------------------------+-------+-------+-------+-------++-------
Melee: Dagger            |   133 |    17 |   220 |   265 ||   635
       Bite              |    37 |     9 |    90 |   101 ||   237
       Quarterstaff      |       |    42 |       |       ||    42
       Rapier            |       |       |    22 |       ||    22
       Punch             |       |       |     7 |     4 ||    11
Throw: Dart              |       |       |     3 |     4 ||     7
       Throwing net      |       |       |       |     1 ||     1
Evoke: Wand              |       |       |       |     1 ||     1
  Use: Scroll            |       |       |       |     5 ||     5
 Stab: Sleeping          |     5 |    11 |    13 |    20 ||    49
       Distracted        |       |     1 |       |     1 ||     2
       Held in net/web   |       |       |       |     2 ||     2
       Invisible         |       |       |       |     1 ||     1
Armor: Ring mail         |    47 |    12 |       |       ||    59
       Robe              |       |     3 |    33 |    32 ||    68
Dodge: Dodged            |    72 |    18 |    90 |   100 ||   280
Block: Other             |       |       |       |    15 ||    15

Table legend: (Time is in decaauts)
 A = Elapsed time spent in this place.
 B = Non-inter-level travel time spent in this place.
 C = Inter-level travel time spent in this place.
 D = Time resting spent in this place.
 E = Time spent auto-exploring this place.
 F = Levels seen in this place.
 G = Mean time per level.
                   A        B        C        D        E       F      G
               +--------+--------+--------+--------+--------+-----+--------+
         Total |   7580 |   7198 |    382 |    219 |   5492 |  12 |  631.7 |
       Dungeon |   7506 |   7142 |    364 |    219 |   5442 |  11 |  682.4 |
        Temple |     73 |     55 |     18 |      0 |     50 |   1 |   73.0 |
               +--------+--------+--------+--------+--------+-----+--------+

Top non-repeatable levels by time:
    D:10: 987 daAuts
     D:2: 952 daAuts
     D:6: 874 daAuts
     D:5: 859 daAuts
     D:7: 784 daAuts
     D:8: 754 daAuts
     D:1: 718 daAuts
     D:9: 562 daAuts
     D:3: 531 daAuts
     D:4: 463 daAuts
  Temple: 73 daAuts
    D:11: 19 daAuts
